 Dungeon Crawl Stone Soup version 0.29.1-13-g9f3cf754e1 (webtiles) character file.

Game seed: 2380145506266348753

35 H0rd4k the Charlatan (level 3, 0/24 HPs)
             Began as an Octopode Artificer on Jan 30, 2023.
             Succumbed to a goblin's poison
             ... on level 1 of the Dungeon.
             The game lasted 00:00:44 (1072 turns).

H0rd4k the Charlatan (Octopode Artificer)           Turns: 1072, Time: 00:00:44

Health: 0/24       AC:  1    Str: 11    XL:     3   Next: 35%
Magic:  5/5        EV: 13    Int: 15    God:
Gold:   33         SH:  0    Dex: 12    Spells: 5/5 levels left

rFire   . . .      SeeInvis .   (no weapon)
rCold   . . .      Faith    .   (no shield)
rNeg    . . .      Spirit   .   (helmet restricted)
rPois   .          Reflect  .   (no amulet)
rElec   .          Harm     .   (no ring)
rCorr   .          Rampage  .   (no ring)
Will    .....                   (no ring)
Stlth   +++.......              (no ring)
HPRegen 0.08/turn               (no ring)
MPRegen 0.09/turn               (no ring)
                                (no ring)
                                (no ring)

@: lethally poisoned (0 -> -13)
A: almost no armour, amphibious, 8 rings, camouflage 1, gelatinous body 1,
(nimble swimmer 1), tentacles
a: no special abilities


You were on level 1 of the Dungeon.
You visited 1 branch of the dungeon, and saw 1 of its levels.

You collected 33 gold pieces.

Inventory:

Jewellery
 h - a ring of poison resistance
Wands
 b - a wand of flame (15) (quivered)
 c - a wand of charming (13)
 d - a wand of iceblast (5)
Scrolls
 a - a scroll of poison {unknown}
 f - a scroll of teleportation {unknown}
Potions
 e - 2 potions of mutation {unknown}
 g - a potion of berserk rage {unknown}


   Skills:
 * Level 2.1 Fighting
 - Level 2.3 Dodging
 - Level 1.3 Stealth
 + Level 0.9 Unarmed Combat
 * Level 1.6 Spellcasting
 - Level 3.2 Evocations


You had 5 spell levels left.
You didn't know any spells.
Your spell library was empty.

Dungeon Overview and Level Annotations

Branches:
Dungeon (1/15)

Altars:

Shops:
D:1 (


Innate Abilities, Weirdness & Mutations

You cannot wear most types of armour.
You are amphibious.
You can wear up to eight rings at the same time.
Your skin changes colour to match your surroundings (Stealth+).
Your rubbery body absorbs attacks. (AC +1, EV +1)
((You are camouflaged when in or above water. (Stealth+)))
You have tentacles for arms and can constrict up to eight enemies at once.


Message History

You tentacle-slap the goblin but do no damage.
You grab the goblin.
The goblin is almost dead.
You constrict the goblin.
You kill the goblin!
The bat completely misses you. The bat barely misses you.
You barely miss the bat. Your grab misses the bat.
The bat hits you but does no damage.
The goblin hits you with a +2 dagger of venom.
You are poisoned.
The bat closely misses you.
You miss the bat. You grab the bat. You squeeze the bat, but do no damage.
You constrict the bat.
You feel very sick. The bat misses you.
The bat struggles to escape constriction.
The goblin hits you with a +2 dagger of venom.
The bat escapes!
You closely miss the goblin. You grab the goblin.
You squeeze the goblin, but do no damage.
You constrict the goblin.
You feel very sick. The bat barely misses you.
The goblin hits you with a +2 dagger of venom.
* * * LOW HITPOINT WARNING * * *
You are more poisoned.
Aiming: Charm
Press: ? - help, Shift-Dir - straight line, f - bat
Aim: a bat (moderately wounded, chance to affect: 73%)
The bat struggles to resist.
You constrict the goblin.
* * * LOW HITPOINT WARNING * * *
You feel very sick. The bat hits you but does no damage.
The bat closely misses you. The goblin barely misses you.
Aiming: Charm
Press: ? - help, Shift-Dir - straight line, f - goblin, p - bat
Aim: a goblin, wielding a +2 dagger of venom (heavily wounded, constricted by you, chance to affect: 73%)
The goblin struggles to resist.
You constrict the goblin.
You kill the goblin!
You die...

#.......#.# #..
#...$..$#.####... #..
#................ #..
#..............!. #..
#..........∩..... ...
#†............... ####
#................
#.......b))......
#........@.......
#.[..............
#.................########
########..........#.......
#.......!....§§≈§.§
#...........≈≈≈≈§§.
#.?.........≈≈≈≈≈≈§
#...........≈≈§≈≈≈.
######### #..≈≈§≈..


You could see a bat.

Vanquished Creatures
  2 dart slugs (D:1)
  4 ball pythons (D:1)
  3 bats (D:1)
  2 endoplasms (D:1)
  A giant cockroach (D:1)
  5 hobgoblins (D:1)
  2 jackals (D:1)
  A quokka (D:1)
  2 frilled lizards (D:1)
  4 goblins (D:1)
  2 rats (D:1)
28 creatures vanquished.

Notes
Turn   | Place    | Note
-------+----------+-------------------------------------------
     0 | D:1      | H0rd4k the Octopode Artificer began the quest for the Orb.
     0 | D:1      | Reached XP level 1. HP: 13/13 MP: 1/1
    67 | D:1      | Reached skill level 1 in Spellcasting
    70 | D:1      | Reached XP level 2. HP: 10/18 MP: 1/3
   625 | D:1      | Found a faded altar of an unknown god.
   817 | D:1      | Reached XP level 3. HP: 15/24 MP: 5/5
  1043 | D:1      | Found Fezaboe's Antique Weapon Boutique.
  1072 | D:1      | Succumbed to a goblin's poison

Illustrated notes

Levels and vault maps discovered:
D:1:      dpeg_arrival_pits, layout_basic,
          hellmonk_ecumenical_altar_inner_sanctum, serial_shops, shop,
          minmay_misc_feat_room

Skill      XL: |  1  2  3 |
---------------+----------+-----
Spellcasting   | 1 |  1.6
Fighting       | 2 |  2.1
Dodging        | |  2.3
Stealth        | |  1.3
Unarmed Combat | |  0.9
Evocations     | |  3.2

Action                   || total
-------------------------++-------
Melee: Unarmed           ||    68
       Constrict         ||    23
       Tentacles         ||    19
       Punch             ||     3
Evoke: Wand              ||     2
 Stab: Sleeping          ||     6
Armor: Skin              ||     8
Dodge: Dodged            ||    40
